[Event "LJ Slovak Open 2022"]
[Site "Liptovsky Jan"]
[Date "2022.06.25"]
[Round "4.51"]
[White "Prochazka Michal"]
[Black "Vastik, Tomas"]
[Result "1-0"]
[ECO "C50"]
[WhiteElo "1110"]
[BlackElo "1457"]
[Annotator "NA RC"]
[PlyCount "53"]
[EventDate "2022.06.23"]
[EventType "swiss"]
[EventCountry "SVK"]
[SourceTitle "playchess.com"]
[Source "ChessBase"]
[SourceQuality "1"]
[TimeControl "3600+30"]

1. e4 e5 2. Nf3 Nc6 3. Nc3 Bc5 4. Bc4 d6 5. h3 h6 6. d3 Nf6 7. Be3 Bb4 8. O-O O-O 9. Nd5 Nxd5 10. exd5 Ne7 11. c3 Ba5 12. d4 Ng6 13. dxe5 dxe5 14. Re1 Re8 15. Qb3 Qd6 16. Qa4 c6 17. Qxa5 b5 18. Bb3 Qf6 19. dxc6 Bxh3 20. Bd5 Rad8 21. Rad1 e4 22. Nh2 Bxg2 23. Kxg2 Nh4+ 24. Kf1 Nf3 25. Nxf3 exf3 26. Bxf3 Qh4 27. Rxd8 1-0

[Event "LJ Slovak Open 2022"]
[Site "Liptovsky Jan"]
[Date "2022.06.25"]
[Round "4.52"]
[White "Veres Alex"]
[Black "Lacko, Stanislav"]
[Result "0-1"]
[ECO "C00"]
[WhiteElo "1000"]
[BlackElo "1462"]
[Annotator "NA RC"]
[PlyCount "81"]
[EventDate "2022.06.23"]
[EventType "swiss"]
[EventCountry "SVK"]
[SourceTitle "playchess.com"]
[Source "ChessBase"]
[SourceQuality "1"]
[TimeControl "3600+30"]

1. e4 e6 2. Nc3 d5 3. d3 d4 4. Nce2 c5 5. c3 e5 6. f4 Nc6 7. Nf3 Bd6 8. fxe5 Nxe5 9. Nxe5 Bxe5 10. Bf4 Bxf4 11. Nxf4 Nf6 12. Be2 O-O 13. Nh5 Be6 14. O-O Nxh5 15. Bxh5 Qd7 16. Qf3 g6 17. Qg3 Rad8 18. Rad1 a6 19. c4 b5 20. b3 bxc4 21. bxc4 Rb8 22. Rb1 Rb7 23. Rxb7 Qxb7 24. Bg4 Bxg4 25. Qxg4 Qb2 26. h3 Qxa2 27. Qg5 Qa3 28. Qh6 Qxd3 29. Rf4 a5 30. Kh2 Qe3 31. Rh4 Qxh6 32. Rxh6 a4 33. g4 a3 34. g5 a2 35. Rxg6+ fxg6 36. e5 a1=Q 37. e6 Re8 38. h4 Rxe6 39. h5 Qa3 40. h6 Re2+ 41. Kg1 0-1

[Event "LJ Slovak Open 2022"]
[Site "Liptovsky Jan"]
[Date "2022.06.25"]
[Round "4.53"]
[White "Pisarcik, Richard"]
[Black "Pavlov Jakub"]
[Result "1-0"]
[ECO "D11"]
[WhiteElo "1343"]
[BlackElo "1000"]
[Annotator "NA RC"]
[PlyCount "123"]
[EventDate "2022.06.23"]
[EventType "swiss"]
[EventCountry "SVK"]
[SourceTitle "playchess.com"]
[Source "ChessBase"]
[SourceQuality "1"]
[TimeControl "3600+30"]

1. d4 d5 2. c4 c6 3. Nc3 Nf6 4. Nf3 Bg4 5. e3 e6 6. Qb3 b6 7. Be2 Nbd7 8. Ne5 Nxe5 9. dxe5 Bxe2 10. Nxe2 Nd7 11. f4 a5 12. a3 Nc5 13. Qc2 dxc4 14. Qxc4 Nd3+ 15. Kf1 Bc5 16. Nd4 Nxc1 17. Rxc1 Qd5 18. Qxd5 cxd5 19. Nb5 O-O 20. Ke2 h5 21. h3 g6 22. g4 hxg4 23. hxg4 Kg7 24. f5 exf5 25. gxf5 Rh8 26. fxg6 fxg6 27. Nc7 Rxh1 28. Rxh1 Rc8 29. Nxd5 Re8 30. Kd3 Rxe5 31. e4 Rh5 32. Re1 g5 33. b4 Bf8 34. Rg1 Bd6 35. Kc4 axb4 36. axb4 Rh4 37. Kd4 Kh6 38. Ne3 Bxb4 39. Nf5+ Kh5 40. Kd5 Rh2 41. e5 Rd2+ 42. Ke6 Kg6 43. Nh4+ Kh5 44. Nf3 Rd3 45. Nxg5 Bc5 46. Rg2 Rd8 47. Nf7 Rf8 48. Kf6 Bd4 49. Ke7 Rxf7+ 50. Kxf7 Bxe5 51. Ke6 Bd4 52. Kd5 Bc5 53. Ke4 Kh4 54. Rg6 Kh3 55. Kf4 Kh2 56. Kf3 Bd4 57. Rh6+ Kg1 58. Rg6+ Kf1 59. Rd6 Bf2 60. Rd1+ Be1 61. Rc1 b5 62. Rd1 1-0

[Event "LJ Slovak Open 2022"]
[Site "Liptovsky Jan"]
[Date "2022.06.25"]
[Round "4.54"]
[White "Koren, Juraj"]
[Black "Bodnar, Frantisek"]
[Result "1-0"]
[ECO "C34"]
[WhiteElo "1506"]
[BlackElo "1379"]
[Annotator "NA RC"]
[PlyCount "105"]
[EventDate "2022.06.23"]
[EventType "swiss"]
[EventCountry "SVK"]
[SourceTitle "playchess.com"]
[Source "ChessBase"]
[SourceQuality "1"]
[TimeControl "3600+30"]

1. e4 e5 2. f4 exf4 3. Nf3 Nc6 4. d4 d5 5. e5 Bg4 6. Bxf4 Bxf3 7. Qxf3 Nxd4 8. Qd3 Ne6 9. Bg3 Be7 10. Nd2 Qd7 11. O-O-O a6 12. Nb3 c5 13. Qf3 Bg5+ 14. Kb1 Ne7 15. Bc4 Rd8 16. Rhe1 b5 17. Bf1 O-O 18. h4 Bh6 19. Bh2 g6 20. g4 Qc6 21. Bg2 Bg7 22. Bg1 Qc7 23. Bh2 a5 24. Qf1 a4 25. Nc1 c4 26. c3 b4 27. Ne2 bxc3 28. Nxc3 d4 29. Nb5 Qc5 30. Nd6 a3 31. Nb7 Qb5 32. b3 Rb8 33. Nd6 Qb4 34. Qxc4 Qxc4 35. Nxc4 Rfc8 36. Ka1 Nc5 37. Rxd4 Rxb3 38. Red1 Ne6 39. axb3 Nxd4 40. Rxd4 Nc6 41. Bxc6 Rxc6 42. Rd8+ Bf8 43. Bf4 Kg7 44. Kb1 Be7 45. Rd7 Bc5 46. h5 h6 47. hxg6 Kxg6 48. Rd5 Bb4 49. Be3 Bc3 50. Nxa3 Ra6 51. Nc4 Re6 52. Kc2 Ba1 53. Ra5 1-0

[Event "LJ Slovak Open 2022"]
[Site "Liptovsky Jan"]
[Date "2022.06.25"]
[Round "4.55"]
[White "Papay Aurel"]
[Black "Pechociakova, Petra"]
[Result "0-1"]
[ECO "C62"]
[WhiteElo "1294"]
[BlackElo "1160"]
[Annotator "NA RC"]
[PlyCount "77"]
[EventDate "2022.06.23"]
[EventType "swiss"]
[EventCountry "SVK"]
[SourceTitle "playchess.com"]
[Source "ChessBase"]
[SourceQuality "1"]
[TimeControl "3600+30"]

1. e4 e5 2. Nf3 Nc6 3. Bb5 d6 4. d4 Bd7 5. d5 Nce7 6. Bxd7+ Qxd7 7. Nc3 Nf6 8. Be3 a6 9. O-O Ng6 10. Nd2 Be7 11. f4 Ng4 12. Qf3 Nxe3 13. Qxe3 exf4 14. Qf2 Bh4 15. Qf3 O-O-O 16. Ne2 f5 17. Qh5 fxe4 18. Nxe4 Kb8 19. Nxf4 Qa4 20. Nxg6 hxg6 21. Qe2 Qd4+ 22. Kh1 Rde8 23. Rf4 Qxd5 24. c4 Qg8 25. Qd3 g5 26. Rf3 g4 27. Re3 Qf7 28. b3 Qh5 29. h3 gxh3 30. Rxh3 g5 31. Nf6 Qe2 32. Qc3 Reg8 33. Nxg8 Rxg8 34. Re3 Qf2 35. Rf3 Qc5 36. Raf1 Rg6 37. Rf5 Qa3 38. Qd4 Rh6 39. Rf8# 0-1

[Event "LJ Slovak Open 2022"]
[Site "Liptovsky Jan"]
[Date "2022.06.25"]
[Round "4.56"]
[White "Livnansky, Tomas"]
[Black "Magdova, Lucia"]
[Result "1-0"]
[ECO "D07"]
[WhiteElo "1244"]
[BlackElo "1055"]
[Annotator "NA RC"]
[PlyCount "91"]
[EventDate "2022.06.23"]
[EventType "swiss"]
[EventCountry "SVK"]
[SourceTitle "playchess.com"]
[Source "ChessBase"]
[SourceQuality "1"]
[TimeControl "3600+30"]

1. d4 d5 2. c4 dxc4 3. e4 Nf6 4. Nc3 Nc6 5. Nf3 Bg4 6. d5 Bxf3 7. Qxf3 Nd4 8. Qd1 e5 9. dxe6 Nxe6 10. Qa4+ Qd7 11. Qxd7+ Nxd7 12. Bxc4 Bb4 13. Bd2 O-O-O 14. a3 Ba5 15. b4 Bb6 16. Nd5 Bd4 17. Bc3 Bxc3+ 18. Nxc3 Ne5 19. Bxe6+ fxe6 20. O-O Rd2 21. Rfd1 Rhd8 22. Rxd2 Rxd2 23. Rd1 Rxd1+ 24. Nxd1 Kd7 25. Kf1 b6 26. Ke2 Kc6 27. Nc3 a5 28. bxa5 bxa5 29. f4 Nc4 30. a4 Kc5 31. f5 exf5 32. exf5 Nd6 33. g4 Kb4 34. Kd3 c5 35. Kc2 Nf7 36. h4 g5 37. hxg5 Nxg5 38. f6 c4 39. Ne4 Nf7 40. Nc3 h6 41. Nb1 Ng5 42. Nd2 Nf7 43. Ne4 Ng5 44. Ng3 Nf7 45. Ne4 Ng5 46. Ng3 1-0

[Event "LJ Slovak Open 2022"]
[Site "Liptovsky Jan"]
[Date "2022.06.25"]
[Round "4.57"]
[White "Sotnik, Simon"]
[Black "Polackova, Eva"]
[Result "1-0"]
[ECO "D53"]
[WhiteElo "1038"]
[BlackElo "1253"]
[Annotator "NA RC"]
[PlyCount "57"]
[EventDate "2022.06.23"]
[EventType "swiss"]
[EventCountry "SVK"]
[SourceTitle "playchess.com"]
[Source "ChessBase"]
[SourceQuality "1"]
[TimeControl "3600+30"]

1. d4 d5 2. c4 dxc4 3. Nf3 Nf6 4. Nc3 e6 5. Bg5 Nc6 6. e4 Be7 7. Bxf6 Bxf6 8. e5 Be7 9. Bxc4 O-O 10. O-O b6 11. d5 exd5 12. Bxd5 Bb7 13. e6 f6 14. Nh4 Rb8 15. Nf5 Re8 16. Qg4 g6 17. Rad1 Qc8 18. Nb5 a6 19. Bxc6 Bxc6 20. Na7 Qb7 21. Nxc6 Qxc6 22. Rd7 Bf8 23. Qh3 h5 24. Nd4 Qe4 25. Qe3 Qxe3 26. fxe3 Bc5 27. Rxf6 g5 28. Rg6+ Kf8 29. Rf7# 1-0

[Event "LJ Slovak Open 2022"]
[Site "Liptovsky Jan"]
[Date "2022.06.25"]
[Round "4.58"]
[White "Haasova, Nina"]
[Black "Stricova Viktoria Lea"]
[Result "1-0"]
[ECO "D02"]
[WhiteElo "1216"]
[BlackElo "1025"]
[Annotator "NA RC"]
[PlyCount "43"]
[EventDate "2022.06.23"]
[EventType "swiss"]
[EventCountry "SVK"]
[SourceTitle "playchess.com"]
[Source "ChessBase"]
[SourceQuality "1"]
[TimeControl "3600+30"]

1. d4 d5 2. Nf3 Nc6 3. e3 a6 4. Bd3 Nf6 5. O-O e6 6. Nbd2 Bd6 7. e4 Bd7 8. e5 Qe7 9. exd6 Qxd6 10. h3 O-O-O 11. a3 Rde8 12. c3 e5 13. dxe5 Nxe5 14. Nxe5 Qxe5 15. Nf3 Qd6 16. c4 dxc4 17. Bxc4 Qc5 18. Bd3 Qd5 19. Bf4 Bb5 20. Bxb5 axb5 21. Qc2 Rd8 22. Qxc7# 1-0

[Event "LJ Slovak Open 2022"]
[Site "Liptovsky Jan"]
[Date "2022.06.25"]
[Round "4.59"]
[White "Lesko Ondrej"]
[Black "Kovacik, Oliver"]
[Result "0-1"]
[ECO "B08"]
[WhiteElo "1000"]
[BlackElo "1331"]
[Annotator "NA RC"]
[PlyCount "86"]
[EventDate "2022.06.23"]
[EventType "swiss"]
[EventCountry "SVK"]
[SourceTitle "playchess.com"]
[Source "ChessBase"]
[SourceQuality "1"]
[TimeControl "3600+30"]

1. e4 Nf6 2. Nc3 d6 3. Nf3 g6 4. Bc4 Bg7 5. d4 Nxe4 6. Nxe4 d5 7. Bxd5 Qxd5 8. Nc3 Qd6 9. O-O a6 10. Ne4 Qd8 11. Bf4 Bf5 12. Nc3 Nc6 13. Be3 O-O 14. Re1 Qd7 15. g3 Nb4 16. Rc1 Qc6 17. a3 Nxc2 18. Rxc2 Bxc2 19. Qxc2 Qxf3 20. Qe4 Qxe4 21. Nxe4 Rfd8 22. Rd1 e5 23. d5 b6 24. Bg5 Rf8 25. b4 f6 26. Be3 Rfd8 27. a4 b5 28. axb5 axb5 29. Bc5 Ra2 30. Nc3 Rc2 31. Nxb5 c6 32. Na3 Rc3 33. Nb1 Rb3 34. Nd2 Rd3 35. Be7 R8xd5 36. Rb1 Rxd2 37. Ra1 Rc2 38. Ra8+ Kf7 39. Ra7 Ke6 40. g4 Rdd2 41. Ra6 Rxf2 42. b5 Rfd2 43. b6 Rd1# 0-1

[Event "LJ Slovak Open 2022"]
[Site "Liptovsky Jan"]
[Date "2022.06.25"]
[Round "4.60"]
[White "Muller, Tomas"]
[Black "Moravcik Alex"]
[Result "1-0"]
[ECO "C62"]
[WhiteElo "1240"]
[BlackElo "1000"]
[Annotator "NA RC"]
[PlyCount "57"]
[EventDate "2022.06.23"]
[EventType "swiss"]
[EventCountry "SVK"]
[SourceTitle "playchess.com"]
[Source "ChessBase"]
[SourceQuality "1"]
[TimeControl "3600+30"]

1. e4 e5 2. Nf3 Nc6 3. Bb5 d6 4. d4 Bg4 5. d5 a6 6. dxc6 axb5 7. cxb7 Rb8 8. h3 Bxf3 9. Qxf3 Rxb7 10. Qc3 Rb6 11. Be3 c5 12. b4 Rc6 13. Na3 Qb6 14. Qd3 Qb7 15. Nxb5 cxb4 16. O-O Nf6 17. Rab1 Nxe4 18. Qxe4 Qxb5 19. Rxb4 Qa5 20. Qxc6+ Ke7 21. Rb7+ Kf6 22. Qd7 Qd5 23. f4 g6 24. fxe5+ Kg7 25. Rxf7+ Kg8 26. Rxh7 Qd1+ 27. Kh2 Qd5 28. Rxh8+ Kxh8 29. Qh7# 1-0

[Event "LJ Slovak Open 2022"]
[Site "Liptovsky Jan"]
[Date "2022.06.25"]
[Round "5.1"]
[White "Wisniewski, Michal"]
[Black "Manik, Mikulas"]
[Result "1/2-1/2"]
[ECO "A48"]
[WhiteElo "2073"]
[BlackElo "2368"]
[Annotator "RC"]
[PlyCount "32"]
[EventDate "2022.06.23"]
[EventType "swiss"]
[EventCountry "SVK"]
[SourceTitle "playchess.com"]
[Source "ChessBase"]
[SourceQuality "1"]
[TimeControl "3600+30"]

1. Nf3 Nf6 2. d4 g6 3. Nbd2 c5 4. dxc5 Qa5 5. a3 Qxc5 6. b4 Qc7 7. Bb2 Bg7 8. c4 d6 9. e3 O-O 10. Bd3 Nbd7 11. O-O b6 12. Qb3 Bb7 13. Rfe1 Rad8 14. e4 e6 15. Rac1 Rfe8 16. Nf1 h6 1/2-1/2

[Event "LJ Slovak Open 2022"]
[Site "Liptovsky Jan"]
[Date "2022.06.25"]
[Round "5.2"]
[White "Elias, David"]
[Black "Karas, Marek"]
[Result "1-0"]
[ECO "A30"]
[WhiteElo "1901"]
[BlackElo "2292"]
[Annotator "RC"]
[PlyCount "85"]
[EventDate "2022.06.23"]
[EventType "swiss"]
[EventCountry "SVK"]
[SourceTitle "playchess.com"]
[Source "ChessBase"]
[SourceQuality "1"]
[TimeControl "3600+30"]

1. Nf3 g6 2. g3 b6 3. Bg2 Bb7 4. O-O Bg7 5. c4 c5 6. Nc3 Nf6 7. d4 cxd4 8. Nxd4 Bxg2 9. Kxg2 Qc8 10. b3 d5 11. Nxd5 Nxd5 12. cxd5 Qc5 13. Be3 Qxd5+ 14. Nf3 Qa5 15. Bd4 e5 16. Bc3 Qb5 17. a4 Qc6 18. Rc1 Qb7 19. Qd6 Nc6 20. Bxe5 Nxe5 21. Rc7 Qxc7 22. Qxc7 Nxf3 23. Qc6+ Ke7 24. exf3 Rhc8 25. Qb7+ Kf8 26. Rc1 Rcb8 27. Qa6 Be5 28. f4 Bd6 29. Rc6 Rd8 30. a5 Bc5 31. Rc7 Bd6 32. Rxa7 Rxa7 33. Qxa7 bxa5 34. Qxa5 Rb8 35. Qd5 Ke7 36. f5 gxf5 37. Qxf5 h6 38. Qe4+ Kf6 39. Qh4+ Kg6 40. Qd4 Bf8 41. Qe4+ f5 42. Qe6+ Kg7 43. Qe5+ 1-0

[Event "LJ Slovak Open 2022"]
[Site "Liptovsky Jan"]
[Date "2022.06.25"]
[Round "5.3"]
[White "Skreko, Igor"]
[Black "Rucek, Kristian"]
[Result "1-0"]
[ECO "D33"]
[WhiteElo "2065"]
[BlackElo "2128"]
[Annotator "NA RC"]
[PlyCount "104"]
[EventDate "2022.06.23"]
[EventType "swiss"]
[EventCountry "SVK"]
[SourceTitle "playchess.com"]
[Source "ChessBase"]
[SourceQuality "1"]
[TimeControl "3600+30"]

1. d4 d5 2. c4 e6 3. Nc3 c5 4. cxd5 exd5 5. Nf3 Nc6 6. g3 Nf6 7. Bg2 cxd4 8. Nxd4 Bc5 9. Nb3 Bb6 10. O-O d4 11. Na4 O-O 12. Nxb6 axb6 13. Bxc6 bxc6 14. Qxd4 Qc7 15. Bf4 Qb7 16. Rfd1 c5 17. Qd2 Be6 18. f3 Nd5 19. Be5 Rfe8 20. Bc3 f5 21. Nc1 c4 22. a3 Bf7 23. Qd4 Nxc3 24. Qxc3 Qc7 25. Kf2 f4 26. Na2 Qc5+ 27. Qd4 Qh5 28. Rh1 Rad8 29. Qxf4 Qc5+ 30. Kf1 Rd4 31. Qc1 Red8 32. Nc3 Bg6 33. Qe3 Re8 34. Qf2 Red8 35. Kg2 Bc2 36. Rac1 Bb3 37. Ne4 Qe5 38. Rc3 Rxe4 39. fxe4 Rd2 40. Rf1 Qxe4+ 41. Kg1 h6 42. Re3 Qd4 43. Qf8+ Kh7 44. Qf5+ Kg8 45. Qe6+ Kh7 46. Rf8 c3 47. Qe8 Bf7 48. Rh8+ Kg6 49. Qc6+ Kg5 50. Qxc3 Rd1+ 51. Kf2 Qd7 52. Qxg7+ Kf5 1-0

[Event "LJ Slovak Open 2022"]
[Site "Liptovsky Jan"]
[Date "2022.06.25"]
[Round "5.4"]
[White "Holly, Andrej"]
[Black "Freibergs, Andrejs"]
[Result "1-0"]
[ECO "A24"]
[WhiteElo "2214"]
[BlackElo "1526"]
[Annotator "RC"]
[PlyCount "67"]
[EventDate "2022.06.23"]
[EventType "swiss"]
[EventCountry "SVK"]
[SourceTitle "playchess.com"]
[Source "ChessBase"]
[SourceQuality "1"]
[TimeControl "3600+30"]

1. c4 Nf6 2. g3 g6 3. Bg2 Bg7 4. Nc3 O-O 5. e4 e5 6. Nge2 c5 7. d3 Ne8 8. O-O d6 9. f4 Nc6 10. f5 Nc7 11. Be3 Bd7 12. Qd2 f6 13. h4 Qe7 14. g4 Rf7 15. Ng3 Raf8 16. Rf2 Nd4 17. Raf1 Qe8 18. Bh1 a6 19. Rh2 b5 20. b3 a5 21. h5 g5 22. h6 Bh8 23. Bxg5 b4 24. Nd5 Nxd5 25. exd5 a4 26. Be3 Re7 27. Bxd4 exd4 28. Ne4 Rxe4 29. Bxe4 a3 30. g5 fxg5 31. Qxg5+ Kf7 32. Qh5+ Kf6 33. Qh4+ Kf7 34. f6 1-0

[Event "LJ Slovak Open 2022"]
[Site "Liptovsky Jan"]
[Date "2022.06.25"]
[Round "5.5"]
[White "Jablonicky, Martin"]
[Black "Hurtuk, Radovan"]
[Result "1-0"]
[ECO "A35"]
[WhiteElo "2377"]
[BlackElo "2057"]
[Annotator "RC"]
[PlyCount "79"]
[EventDate "2022.06.23"]
[EventType "swiss"]
[EventCountry "SVK"]
[SourceTitle "playchess.com"]
[Source "ChessBase"]
[SourceQuality "1"]
[TimeControl "3600+30"]

1. Nf3 c5 2. c4 Nc6 3. Nc3 g6 4. e3 Bg7 5. d4 cxd4 6. exd4 Nf6 7. d5 Nb8 8. Bd3 d6 9. O-O O-O 10. h3 Nbd7 11. Re1 Re8 12. Be3 Nc5 13. Bf1 Nfe4 14. Nxe4 Nxe4 15. Bd4 Nf6 16. b4 b6 17. Bd3 e5 18. dxe6 fxe6 19. Bc2 Qc7 20. Bb3 Kh8 21. Rc1 e5 22. Ba1 Nd7 23. Ng5 Re7 24. Qd5 Bb7 25. Nf7+ Rxf7 26. Qxf7 Rf8 27. Qe6 Qc6 28. Qd5 Qc7 29. Qd2 Nf6 30. c5 bxc5 31. bxc5 dxc5 32. Bxe5 Qc6 33. f3 Bc8 34. Qd6 Bb7 35. Qxc6 Bxc6 36. Rxc5 Bd7 37. Rc7 Bf5 38. Ba1 Re8 39. Rxe8+ Nxe8 40. Bxg7+ 1-0

[Event "LJ Slovak Open 2022"]
[Site "Liptovsky Jan"]
[Date "2022.06.25"]
[Round "5.6"]
[White "Varga, Lukas"]
[Black "Gollner, Martin"]
[Result "1-0"]
[ECO "B45"]
[WhiteElo "2136"]
[BlackElo "1585"]
[Annotator "NA RC"]
[PlyCount "95"]
[EventDate "2022.06.23"]
[EventType "swiss"]
[EventCountry "SVK"]
[SourceTitle "playchess.com"]
[Source "ChessBase"]
[SourceQuality "1"]
[TimeControl "3600+30"]

1. e4 c5 2. Nf3 e6 3. d4 cxd4 4. Nxd4 Nc6 5. Nc3 Bc5 6. Ndb5 Nf6 7. Nd6+ Ke7 8. Bf4 Qb6 9. Qd2 Nh5 10. O-O-O Nxf4 11. Qxf4 f6 12. Na4 Qb4 13. Nxc5 Qxc5 14. Qg3 g6 15. Kb1 Nd4 16. c3 Qxd6 17. Qxd6+ Kxd6 18. Rxd4+ Ke7 19. h4 h5 20. Rh3 d5 21. exd5 e5 22. Re3 Kd6 23. Rd2 f5 24. c4 e4 25. Rc3 f4 26. Kc1 Bf5 27. g3 f3 28. c5+ Kc7 29. Bb5 a6 30. d6+ Kd8 31. Bc4 g5 32. Rd5 gxh4 33. gxh4 Bg6 34. Rg5 Be8 35. Bd5 Bc6 36. Re3 Bxd5 37. Rxd5 Re8 38. Kd2 Kd7 39. Kc3 Kc6 40. Kd4 Rad8 41. Rxh5 b6 42. b4 a5 43. bxa5 bxc5+ 44. Rxc5+ Kxd6 45. Rd5+ Kc6 46. Rc3+ Kb7 47. Rxd8 Rxd8+ 48. Kxe4 1-0

[Event "LJ Slovak Open 2022"]
[Site "Liptovsky Jan"]
[Date "2022.06.25"]
[Round "5.7"]
[White "Krestian, Darius"]
[Black "Bombek, Peter"]
[Result "1/2-1/2"]
[ECO "D36"]
[WhiteElo "1659"]
[BlackElo "2111"]
[Annotator "NA RC"]
[PlyCount "67"]
[EventDate "2022.06.23"]
[EventType "swiss"]
[EventCountry "SVK"]
[SourceTitle "playchess.com"]
[Source "ChessBase"]
[SourceQuality "1"]
[TimeControl "3600+30"]

1. d4 d5 2. c4 e6 3. Nc3 Nf6 4. cxd5 exd5 5. Bg5 c6 6. Qc2 Be7 7. e3 Nbd7 8. Bd3 h6 9. Bf4 Nh5 10. Bg3 Nxg3 11. hxg3 Nf6 12. Nf3 Qd6 13. Rb1 O-O 14. O-O Re8 15. b4 Be6 16. b5 c5 17. dxc5 Qxc5 18. Qb2 Rec8 19. Rbc1 Qa3 20. Qxa3 Bxa3 21. Rc2 Rc7 22. Nd4 Bd7 23. Rb1 Rac8 24. Rb3 Bc5 25. Nce2 Bb6 26. Rxc7 Rxc7 27. f3 Kf8 28. Kf2 h5 29. a4 Ba5 30. Rb1 Ke7 31. Rc1 Kd6 32. Rxc7 Bxc7 33. Nb3 a6 34. Ned4 1/2-1/2

[Event "LJ Slovak Open 2022"]
[Site "Liptovsky Jan"]
[Date "2022.06.25"]
[Round "5.8"]
[White "Janousek, Petr"]
[Black "Verba, Vladimir"]
[Result "1-0"]
[ECO "B11"]
[WhiteElo "2099"]
[BlackElo "1786"]
[Annotator "NA RC"]
[PlyCount "51"]
[EventDate "2022.06.23"]
[EventType "swiss"]
[EventCountry "SVK"]
[SourceTitle "playchess.com"]
[Source "ChessBase"]
[SourceQuality "1"]
[TimeControl "3600+30"]

1. e4 c6 2. Nc3 d5 3. Nf3 Bg4 4. h3 Bxf3 5. Qxf3 e6 6. d3 Nf6 7. Bd2 Nbd7 8. g4 Bc5 9. O-O-O Qc7 10. g5 Ne5 11. Qe2 Nfd7 12. exd5 cxd5 13. f4 Nc6 14. Nxd5 Qd6 15. Nc3 Nd4 16. Qg4 Rc8 17. Ne4 Qa6 18. Bc3 Qxa2 19. Nxc5 Nxc5 20. Kd2 Nf5 21. Bg2 O-O 22. Ra1 Nb3+ 23. cxb3 Qxb3 24. Ra3 Qb6 25. Re1 Rfd8 26. Qf3 1-0

[Event "LJ Slovak Open 2022"]
[Site "Liptovsky Jan"]
[Date "2022.06.25"]
[Round "5.9"]
[White "Ihnat, Marek"]
[Black "Brida, Lukas"]
[Result "1-0"]
[ECO "B33"]
[WhiteElo "2045"]
[BlackElo "1673"]
[Annotator "NA RC"]
[PlyCount "79"]
[EventDate "2022.06.23"]
[EventType "swiss"]
[EventCountry "SVK"]
[SourceTitle "playchess.com"]
[Source "ChessBase"]
[SourceQuality "1"]
[TimeControl "3600+30"]

1. e4 c5 2. Nf3 Nc6 3. d4 cxd4 4. Nxd4 Nf6 5. Nc3 e5 6. Ndb5 d6 7. Bg5 a6 8. Na3 b5 9. Nd5 Be7 10. Bxf6 Bxf6 11. c3 O-O 12. Nc2 Rb8 13. h4 g6 14. g3 Bg7 15. h5 Bb7 16. Nce3 Ne7 17. hxg6 hxg6 18. Bh3 Nxd5 19. Nxd5 Bxd5 20. Qxd5 Qb6 21. Rd1 Rfd8 22. O-O Qc5 23. Bg4 a5 24. Rd3 Bf6 25. Rfd1 Be7 26. Be2 Kg7 27. Rf3 Bf6 28. g4 g5 29. Kg2 b4 30. Qd2 d5 31. exd5 e4 32. Rf5 Qd6 33. Rh1 Rh8 34. Rh5 Rxh5 35. gxh5 bxc3 36. bxc3 Rc8 37. c4 Rb8 38. Qxa5 Bd4 39. Rxg5+ Kh6 40. Qd2 1-0

[Event "LJ Slovak Open 2022"]
[Site "Liptovsky Jan"]
[Date "2022.06.25"]
[Round "5.10"]
[White "Valko, Michal"]
[Black "Vilimek, Vit"]
[Result "0-1"]
[ECO "B28"]
[WhiteElo "1906"]
[BlackElo "1972"]
[Annotator "NA"]
[PlyCount "46"]
[EventDate "2022.06.23"]
[EventType "swiss"]
[EventCountry "SVK"]
[SourceTitle "playchess.com"]
[Source "ChessBase"]
[SourceQuality "1"]
[TimeControl "3600+30"]

1. e4 c5 2. Nf3 a6 3. c4 Nc6 4. Nc3 g6 5. d4 cxd4 6. Nxd4 e5 7. Nc2 d6 8. Be2 Bg7 9. O-O Nge7 10. Bg4 O-O 11. Ne3 f5 12. Bf3 f4 13. Ned5 Nd4 14. b4 g5 15. Nxe7+ Qxe7 16. Nd5 Qd8 17. Bb2 Nxf3+ 18. gxf3 Bh3 19. Re1 g4 20. Kh1 Qh4 21. Qe2 Qh5 22. fxg4 Bxg4 23. Qf1 Bf3+ 0-1

[Event "LJ Slovak Open 2022"]
[Site "Liptovsky Jan"]
[Date "2022.06.25"]
[Round "5.11"]
[White "Saravanan Durga"]
[Black "Spik, Peter"]
[Result "0-1"]
[ECO "D08"]
[WhiteElo "1660"]
[BlackElo "1969"]
[Annotator "NA RC"]
[PlyCount "140"]
[EventDate "2022.06.23"]
[EventType "swiss"]
[EventCountry "SVK"]
[SourceTitle "playchess.com"]
[Source "ChessBase"]
[SourceQuality "1"]
[TimeControl "3600+30"]

1. d4 d5 2. c4 e5 3. dxe5 d4 4. Nf3 Nc6 5. Nbd2 Be6 6. a3 a5 7. Nb3 Bxc4 8. Nbxd4 Nge7 9. Bg5 Qd5 10. Nxc6 Nxc6 11. e3 Qb5 12. Bxc4 Qxc4 13. Rc1 Qb5 14. Qe2 Qd5 15. Qc4 Qxc4 16. Rxc4 h6 17. Bh4 Ra6 18. Ke2 b5 19. Rc2 b4 20. axb4 Bxb4 21. Rhc1 Kd7 22. Nd4 Nxd4+ 23. exd4 c6 24. f4 g5 25. Bg3 gxf4 26. Bxf4 h5 27. h4 Rg8 28. g3 Rg6 29. Rc4 Ra7 30. Ra1 Rb7 31. Rac1 Rb5 32. R1c2 Re6 33. Kf3 f6 34. Ke4 fxe5 35. dxe5 Rd5 36. Rd4 Rxd4+ 37. Kxd4 Rg6 38. Ke4 c5 39. Kf5 Rc6 40. Kg5 Ke6 41. Kxh5 c4 42. g4 Rc8 43. g5 Kf5 44. Kh6 Rc6+ 45. Kg7 Kxf4 46. g6 Kxe5 47. h5 Rc7+ 48. Kg8 Kf6 49. Rf2+ Kg5 50. g7 Bd6 51. h6 Kg6 52. Rg2+ Kxh6 53. Rg1 Be5 54. Rh1+ Kg6 55. Rg1+ Kf5 56. Rf1+ Ke6 57. Re1 Rxg7+ 58. Kf8 Rb7 59. Kg8 Rxb2 60. Kh7 c3 61. Rc1 c2 62. Kg6 Bf4 63. Re1+ Kd5 64. Kf5 Rb1 65. Rxb1 cxb1=Q+ 66. Kxf4 Qe4+ 67. Kg5 Ke6 68. Kh5 Qg2 69. Kh6 Kf6 70. Kh7 Qg7# 0-1

[Event "LJ Slovak Open 2022"]
[Site "Liptovsky Jan"]
[Date "2022.06.25"]
[Round "5.12"]
[White "Podjavorinsky, Michal"]
[Black "Mirowska, Oliwia"]
[Result "1/2-1/2"]
[ECO "B23"]
[WhiteElo "1941"]
[BlackElo "1746"]
[Annotator "NA RC"]
[PlyCount "37"]
[EventDate "2022.06.23"]
[EventType "swiss"]
[EventCountry "SVK"]
[SourceTitle "playchess.com"]
[Source "ChessBase"]
[SourceQuality "1"]
[TimeControl "3600+30"]

1. e4 c5 2. Nc3 e6 3. g3 d5 4. exd5 exd5 5. d4 cxd4 6. Qxd4 Be6 7. Bf4 Nc6 8. Qd2 Nf6 9. Bg2 Bb4 10. a3 Bxc3 11. Qxc3 O-O 12. Ne2 Bg4 13. f3 Bf5 14. O-O Re8 15. Rfe1 Qb6+ 16. Kh1 Rac8 17. b4 Qf2 18. Qd2 a6 19. c3 1/2-1/2

[Event "LJ Slovak Open 2022"]
[Site "Liptovsky Jan"]
[Date "2022.06.25"]
[Round "5.13"]
[White "Lis, Maksymilian"]
[Black "Borsos, Bogdan"]
[Result "0-1"]
[ECO "E49"]
[WhiteElo "1511"]
[BlackElo "2200"]
[Annotator "RC"]
[PlyCount "96"]
[EventDate "2022.06.23"]
[EventType "swiss"]
[EventCountry "SVK"]
[SourceTitle "playchess.com"]
[Source "ChessBase"]
[SourceQuality "1"]
[TimeControl "3600+30"]

1. d4 Nf6 2. c4 e6 3. Nc3 Bb4 4. f3 d5 5. a3 Bxc3+ 6. bxc3 c5 7. cxd5 exd5 8. e3 O-O 9. Bd3 b6 10. Qa4 Bd7 11. Qd1 Bc8 12. Qa4 Qe8 13. Qxe8 Rxe8 14. Ne2 Ba6 15. Bc2 Nc6 16. Ba4 Rac8 17. Kf2 Bxe2 18. Bxc6 Rxc6 19. Kxe2 Nd7 20. Bd2 f5 21. Kd3 Kf7 22. h3 h5 23. Be1 f4 24. Bf2 cxd4 25. exd4 Rec8 26. Be1 Rc4 27. Bd2 h4 28. Rhc1 g5 29. Rcb1 a6 30. Rb4 R8c6 31. Rab1 b5 32. a4 bxa4 33. Ra1 Rxb4 34. cxb4 Nb6 35. Re1 Nc4 36. Bc1 Re6 37. Rd1 a3 38. Rf1 Ke7 39. Bd2 Kd7 40. Ra1 Kc6 41. Bc1 Kb5 42. Kc3 Ka4 43. Ra2 Re1 44. Rc2 Ne3 45. Bxe3 Rxe3+ 46. Kd2 Kb3 47. Rc6 a2 48. Rxa6 Kb2 0-1